 Dungeon Crawl Stone Soup version 0.31-a0-844-gdc52ec4e09 (webtiles) character file.

Game seed: 5666687993546137356

560 Flugkiller the Magician (level 7, -2/50 HPs)
             Began as a Djinni Delver on Sept 30, 2023.
             Slain by a wight
             ... wielding a +0 flail
              (14 damage)
             ... on level 4 of the Dungeon.
             The game lasted 00:14:21 (4789 turns).

Flugkiller the Magician (Djinni Delver)             Turns: 4789, Time: 00:14:21

Health: -2/50      AC:  3    Str: 11    XL:     7   Next: 57%
Gold:   149        EV: 13    Int: 14    God:
                   SH:  0    Dex: 14

rFire   + + .        a - +0 short sword
rCold   x . .        (no shield)
rNeg    . . .        b - +0 leather armour
rPois   ∞            (no helmet)
rElec   .            (no cloak)
rCorr   .            (no gloves)
SInv    .            (boots unavailable)
Will    .....        (no amulet)
Stlth   ++           (no ring)
HPRegen 0.28/turn    (no ring)
MPRegen 0.00/turn

%: infuse magic (-3 HP)
@: about to teleport, flying
A: sickness immunity, fire resistance 2, cold vulnerability 1, float, innate
caster, HP casting, extra vitality 1
a: no special abilities


You were on level 4 of the Dungeon.
You visited 1 branch of the dungeon, and saw 5 of its levels.

You collected 206 gold pieces.
You spent 57 gold pieces at shops.

Inventory:

Hand Weapons
 a - a +0 short sword (weapon)
 f - a +0 spear
   (You found it on level 2 of the Dungeon)
 k - a +0 sling
   (You took it off a goblin on level 3 of the Dungeon)
Armour
 b - a +0 leather armour (worn)
 i - a +0 ring mail
   (You found it on level 4 of the Dungeon)
Jewellery
 m - a ring of ice
   (You found it on level 3 of the Dungeon)
Wands
 g - a wand of digging (3)
 h - a wand of mindburst (2)
   (You took it off Ijyb on level 3 of the Dungeon)
 p - a wand of charming (9)
   (You found it on level 4 of the Dungeon)
Scrolls
 c - a scroll of fog
 d - 2 scrolls of revelation
 l - a scroll of vulnerability
 t - a scroll of teleportation
Potions
 e - a potion of attraction
 j - 2 potions of ambrosia
 n - a potion of brilliance
 o - a potion of enlightenment
 r - a potion of heal wounds {unknown}


   Skills:
 - Level 3.0 Fighting
 - Level 2.4 Short Blades
 - Level 4.0 Dodging
 - Level 4.1 Stealth
 + Level 4.7 Spellcasting
 + Level 4.7 Conjurations
 + Level 4.7 Hexes
   Level 0.0 Charms
 + Level 4.7 Summonings
 + Level 4.7 Necromancy
 + Level 4.7 Translocations
 + Level 4.7 Transmutations
 + Level 4.7 Fire Magic
 + Level 4.7 Ice Magic
 + Level 4.7 Air Magic
 + Level 4.7 Earth Magic
 + Level 4.7 Poison Magic


You knew the following spells:

 Your Spells              Type           Power      Damage    Failure   Level
a - Volatile Blastmotes   Fire/Tloc      32%        2d12      10%         3
b - Poisonous Vapours     Pois/Air       32%        N/A       4%          2
P - Kiss of Death         Conj/Necr      64%        2d10      3%          1
Your spell library was empty.

Dungeon Overview and Level Annotations

Branches:
Dungeon (5/15) Zot: 22621
 Temple: D:4-7

Altars:
Yredelemnul

Shops:
D:1 *

Portals:
Abyss: D:4

Annotations:
D:2 Sigmund, Terence
D:4 2 transporters, exclusion: downstairs, noobster's ghost, amateur TrFi


Innate Abilities, Weirdness & Mutations

You are immune to sickness and miasma.
You are immune to poison.
Your flesh is very heat resistant. (rF++)
You are vulnerable to cold. (rC-)
You float through the air rather than walking.
You learn spells naturally, not from books.
Your magical power is your life essence.
You have superior vitality. (+4 MHP)


Message History

You reach down and open the door.
There is an open door here.
Found a hand axe.
Unknown command.
Created macro '1' => 'zbf'.
Unknown command.
Unknown command.
You see here a +0 hand axe.
j - 2 potions of ambrosia (gained 1)
t - 2 scrolls of teleportation (gained 1)
r - a black potion Unknown command.
Found a stone staircase leading up.
Unknown command.
There is a stone staircase leading down here.
A wight comes into view. It is wielding a +0 mace.
The wight moves out of view.
Unknown command.
Aiming: Mindburst
Press: ? - help, Shift-Dir - straight line, f - wight
Aim: a wight, wielding a +0 mace and wearing a +0 robe (chance to affect: 64%)
The wight's mind is blasted.
A wight comes into view. It is wielding a +0 flail.
Aiming: Mindburst
Press: ? - help, Shift-Dir - straight line, f/p - wight
Aim: a wight, wielding a +0 mace and wearing a +0 robe (moderately damaged, chance to affect: 64%)
The wight struggles to resist.
Unknown command.
Aiming: Mindburst
Press: ? - help, Shift-Dir - straight line, f/p - wight
Aim: a wight, wielding a +0 mace and wearing a +0 robe (moderately damaged, chance to affect: 64%)
The wight struggles to resist.
Aiming: Mindburst
Press: ? - help, Shift-Dir - straight line, f/p - wight
Aim: a wight, wielding a +0 mace and wearing a +0 robe (moderately damaged, chance to affect: 64%)
The wight struggles to resist.
Aiming: Mindburst
Press: ? - help, Shift-Dir - straight line, f/p - wight
Aim: a wight, wielding a +0 mace and wearing a +0 robe (moderately damaged, chance to affect: 64%)
The wight's mind is blasted!!
You blow up the wight!
Unknown command.
Casting: Poisonous Vapours (safe; 6% risk of failure)
Confirm with . or Enter, or press ? or * to list all spells.
A cloud of volatile blastmotes flares up around you!
Unknown command.
There is a stone staircase leading down, spattered with blood here.
Casting: Volatile Blastmotes (dangerous; 12% risk of failure)
Confirm with . or Enter, or press ? or * to list all spells.
A cloud of volatile blastmotes flares up around you!
The cloud of blastmotes explodes!
The concussive blast engulfs the wight!
The wight is severely damaged.
Casting: Volatile Blastmotes (dangerous; 12% risk of failure)
Confirm with . or Enter, or press ? or * to list all spells.
A cloud of volatile blastmotes flares up around you!
A wight comes into view. It is wielding a +0 hand axe.
The cloud of blastmotes explodes!
The concussive blast engulfs the wight!
You destroy the wight!
The concussive blast engulfs you! You resist.
You are knocked back by the blast.
You start resting.
A wight is nearby!
A wight is nearby!
Casting: Volatile Blastmotes (dangerous; 11% risk of failure)
Confirm with . or Enter, or press ? or * to list all spells.
A cloud of volatile blastmotes flares up around you!
A wight comes into view. It is wielding a +0 halberd.
The cloud of blastmotes explodes!
The concussive blast engulfs the wight!
The wight is severely damaged.
Casting: Volatile Blastmotes (dangerous; 11% risk of failure)
Confirm with . or Enter, or press ? or * to list all spells.
A cloud of volatile blastmotes flares up around you!
The cloud of blastmotes explodes!
The concussive blast engulfs the wight.
The wight is almost destroyed.
A wight comes into view. It is wielding a +0 flail.
Casting: Volatile Blastmotes (dangerous; 11% risk of failure)
Confirm with . or Enter, or press ? or * to list all spells.
A cloud of volatile blastmotes flares up around you!
The wight attacks as it pursues you! The wight hits you with a +0 hand axe!
The cloud of blastmotes explodes!
The concussive blast engulfs the wight!
You destroy the wight!
The concussive blast engulfs you! You resist.
* * * LOW HITPOINT WARNING * * *
You are knocked back by the blast.
Your life force feels restored.
Unknown command.
You start resting.
A wight is nearby!
You start resting.
A wight is nearby!
Unknown command.
Unknown command.
Unknown command.
Unknown command.
As you read the scroll of teleportation, it crumbles to dust.
You feel strangely unstable. The wight hits you with a +0 flail!
* * * LOW HITPOINT WARNING * * *
Unknown command.
You feel better. The wight hits you with a +0 flail!
You die...

### #########.# ..........#
#########.# #.#
################### #### #.#
#.@.......)........
...######.#####z###########......
......................z..........
.........######..#.########......
.........# .....#+# #......
.........##.##..... #......
.........# #...... #......
.........# #............#..z...
.........# ##............#......


You could see a wight.

Vanquished Creatures
  An ogre (D:4)
  3 wights (D:4)
  2 howler monkeys (D:4)
  2 hounds (D:4)
  Jessica (D:2)
  Ijyb (D:3)
  An iguana (D:4)
  4 adders
  An ufetubus (D:4)
  4 dart slugs
  A worm (D:1)
  3 orcs
  4 bats
  5 endoplasms (D:1)
  2 giant cockroaches (D:1)
  6 goblins
  7 hobgoblins
  3 jackals (D:1)
  2 kobolds (D:1)
  A quokka (D:4)
  8 ball pythons
  3 frilled lizards
  5 rats
70 creatures vanquished.

Notes
Turn   | Place    | Note
-------+----------+-------------------------------------------
     0 | D:5      | Flugkiller the Djinni Delver began the quest for the Orb.
     0 | D:5      | Reached XP level 1. HP: 20/20 MP: 0/0
    14 | D:5      | Noticed an ogre
    74 | D:4      | Reached XP level 2. HP: 20/25 MP: 0/0
   139 | D:4      | Reached skill level 1 in Spellcasting
   139 | D:4      | Reached skill level 1 in Conjurations
   139 | D:4      | Reached skill level 1 in Hexes
   139 | D:4      | Reached skill level 1 in Summonings
   139 | D:4      | Reached skill level 1 in Necromancy
   139 | D:4      | Reached skill level 1 in Translocations
   139 | D:4      | Reached skill level 1 in Transmutations
   139 | D:4      | Reached skill level 1 in Fire Magic
   139 | D:4      | Reached skill level 1 in Ice Magic
   139 | D:4      | Reached skill level 1 in Air Magic
   139 | D:4      | Reached skill level 1 in Earth Magic
   139 | D:4      | Reached skill level 1 in Poison Magic
   139 | D:4      | Reached XP level 3. HP: 30/30 MP: 0/0
   139 | D:4      | Learned a level 1 spell: Kiss of Death
   363 | D:4      | Found a transporter.
   364 | D:4      | Noticed a small abomination
   749 | D:1      | Reached XP level 4. HP: 35/35 MP: 0/0
  1251 | D:1      | Found Iluosil's Assorted Antiques.
  1254 | D:1      | Bought a scroll labelled ONNIWNUROE for 30 gold pieces
  1254 | D:1      | Bought a green potion for 27 gold pieces
  1296 | D:2      | Noticed Terence
  1321 | D:2      | Noticed Sigmund
  1335 | D:2      | HP: 1/23 [something (10)]
  1790 | D:2      | Noticed Jessica
  1988 | D:2      | Killed Jessica
  1989 | D:2      | Reached XP level 5. HP: 16/30 MP: 0/0
  1989 | D:2      | Learned a level 2 spell: Poisonous Vapours
  3017 | D:3      | Found a basalt altar of Yredelemnul.
  3039 | D:3      | Noticed Ijyb
  3246 | D:3      | Killed Ijyb
  3682 | D:4      | Found a one-way gate to the infinite horrors of the Abyss.
  3682 | D:4      | Noticed noobster's ghost (amateur TrFi)
  3682 | D:4      | Noticed an ogre
  3716 | D:4      | Killed an ogre
  3717 | D:4      | Reached XP level 6. HP: 23/39 MP: 0/0
  3848 | D:4      | Noticed a small abomination
  4138 | D:4      | Found a transporter.
  4231 | D:4      | Reached XP level 7. HP: 13/43 MP: 0/0
  4231 | D:4      | Learned a level 3 spell: Volatile Blastmotes
  4789 | D:4      | Slain by a wight

Illustrated notes

Levels and vault maps discovered:
D:1:      erik_arrival_triangle_huge, layout_basic, serial_shops,
          nicolae_shop_real_fake_doors, chequers_serial_rivers_marsh
D:2:      layout_basic, grunt_decor_cap, uniq_terence, uniq_jessica,
          uniq_sigmund
D:3:      layout_loops_corners, mainiacjoe_overflow_alcove_2,
          minmay_misc_feat_x, nicolae_goblin_pals, uniq_ijyb
D:4:      layout_basic, gammafunk_ghost_abyssal_escape
D:5:      layout_cave_pools, lemuel_coloured_pillars_altar,
          nicolae_overflow_hidden_temple,
          chequers_temple_overflow_statue_of_worship,
          minmay_hollow_rounded_squares

Skill      XL: |  1  2  3  4  5  6  7 |
---------------+----------------------+-----
Spellcasting   | 1 3 4 |  4.7
Conjurations   | 1 3 4 |  4.7
Hexes          | 1 3 4 |  4.7
Summonings     | 1 3 4 |  4.7
Necromancy     | 1 3 4 |  4.7
Translocations | 1 3 4 |  4.7
Transmutations | 1 3 4 |  4.7
Fire Magic     | 1 3 4 |  4.7
Ice Magic      | 1 3 4 |  4.7
Air Magic      | 1 3 4 |  4.7
Earth Magic    | 1 3 4 |  4.7
Poison Magic   | 1 3 4 |  4.7
Dodging        | 3 4 |  4.0
Short Blades   | 2 |  2.4
Fighting       | |  3.0
Stealth        | |  4.1

Action                     |  1- 3 |  4- 6 |  7- 9 || total
---------------------------+-------+-------+-------++-------
  Melee: Short sword       |   110 |   154 |     1 ||   265
         Punch             |     1 |       |       ||     1
   Fire: Sling             |       |    23 |       ||    23
   Cast: Kiss of Death     |       |     5 |       ||     5
         Poisonous Vapours |       |    29 |     2 ||    31
         Volatile Blastmot |       |       |     6 ||     6
  Evoke: Wand              |       |     2 |     7 ||     9
    Use: Potion            |       |     9 |     1 ||    10
         Scroll            |       |    10 |     1 ||    11
   Stab: Sleeping          |     4 |     4 |       ||     8
 Armour: Leather armour    |    54 |    78 |     6 ||   138
  Dodge: Dodged            |    68 |   101 |     5 ||   174

Table legend: (Time is in decaauts)
 A = Elapsed time spent in this place.
 B = Non-inter-level travel time spent in this place.
 C = Inter-level travel time spent in this place.
 D = Time resting spent in this place.
 E = Time spent auto-exploring this place.
 F = Levels seen in this place.
 G = Mean time per level.
                   A        B        C        D        E       F      G
               +--------+--------+--------+--------+--------+-----+--------+
         Total |   4767 |   4618 |    149 |   1154 |   1226 |   5 |  953.4 |
       Dungeon |   4767 |   4618 |    149 |   1154 |   1226 |   5 |  953.4 |
               +--------+--------+--------+--------+--------+-----+--------+

Top non-repeatable levels by time:
     D:4: 1539 daAuts
     D:3: 1287 daAuts
     D:1: 1046 daAuts
     D:2: 876 daAuts
     D:5: 17 daAuts
